 Dungeon Crawl Stone Soup version 0.31-a0-8-gd14b0f4ee2 (webtiles) character file.

Game seed: 14769804404096726826

464 dracfodder the Digger (level 7, -1/39 HPs)
             Began as a Gargoyle Earth Elementalist on May 5, 2023.
             Slain by Duvessa
             ... wielding a +0 rapier
              (10 damage)
             ... on level 5 of the Dungeon on May 7, 2023.
             The game lasted 00:31:16 (5501 turns).

dracfodder the Digger (Gargoyle Earth Elementalist) Turns: 5501, Time: 00:31:17

Health: -1/39      AC:  9    Str: 11    XL:     7   Next: 7%
Magic:  2/13       EV: 12    Int: 18    God:
Gold:   1232       SH:  0    Dex: 10    Spells: 4/14 levels left

rFire   . . .        a - +3 dagger (venom)
rCold   . . .        (no shield)
rNeg    + . .        k - +0 robe
rPois   ∞            c - +2 hat
rElec   +            (no cloak)
rCorr   .            (no gloves)
SInv    .            i - +0 pair of boots
Will    +....        (no amulet)
Stlth   +            (no ring)
HPRegen 0.26/turn    (no ring)
MPRegen 0.13/turn

%: no passive effects
@: lit by a corona, attractive, very slightly contaminated, glowing
A: sickness immunity, AC +4, negative energy resistance 1, electricity
resistance, torment resistance 1, petrification resistance, strong-willed 1,
robust 1
a: no special abilities


You were on level 5 of the Dungeon.
You visited 1 branch of the dungeon, and saw 5 of its levels.

You collected 1232 gold pieces.

Inventory:

Hand Weapons
 a - a +3 dagger of venom (weapon)
 b - a +2 sling
 n - a +1 spear of freezing
Missiles
 p - 4 stones
Armour
 c - a +2 hat (worn)
 e - the orb "Lueguded" {mayhem, Contam *Slow rElec Dex+9}
   (You found it on level 2 of the Dungeon)

   Dex:       It affects your dexterity (+9).
   rElec:     It insulates you from electricity.
   Contam:    It causes magical contamination when unequipped.
   *Slow:     It may slow you when you take damage.
 i - a +0 pair of boots (worn)
 k - a +0 robe (worn)
Jewellery
 g - an amulet of faith
Wands
 j - a wand of digging (4)
Scrolls
 l - a scroll of teleportation
 m - a scroll of amnesia
Potions
 d - a potion of resistance
 f - 4 potions of curing
 q - a potion of heal wounds {unknown}
 s - a potion of lignification {unknown}
 t - a potion of haste {unknown}


   Skills:
 + Level 0.1 Fighting
 + Level 0.8 Short Blades
 + Level 0.1 Ranged Weapons
 + Level 2.2 Dodging
 + Level 3.2 Stealth
 + Level 4.2 Spellcasting
 * Level 1.9 Conjurations
 + Level 0.7 Transmutations
 + Level 0.2 Air Magic
 + Level 6.3 Earth Magic


You had 4 spell levels left.
You knew the following spells:

 Your Spells              Type           Power      Damage    Failure   Level
a - Sandblast             Erth           52%        2d12      1%          1
b - Passwall              Tmut/Erth      13%        N/A       5%          2
c - Stone Arrow           Conj/Erth      36%        3d9       8%          3
d - Shock                 Conj/Air       28%        1d4       10%         1
e - Swiftness             Air            4%         N/A       36%         3

Your spell library contained the following spells:

 Spells                   Type           Power      Damage    Failure   Level
 Petrify                  Tmut/Erth      16%        N/A       34%         4
 Airstrike                Air            2%         2d(1-17)  78%         4


Dungeon Overview and Level Annotations

Branches:
Dungeon (5/15)             Temple (0/1) D:5

Altars:
Nemelex Xobeh
Yredelemnul

Shops:
D:1 *

Annotations:
D:3 1 runed translucent door
D:5 1 transporter, Dowan; Duvessa; Juicyj's ghost, novice MiFi


Innate Abilities, Weirdness & Mutations

You are immune to sickness and miasma.
Your stone body is resilient. (AC +4)
You are immune to poison.
You resist negative energy. (rN+)
You are resistant to electric shocks. (rElec)
You are resistant to unholy torment.
You are immune to petrification.
You are strong-willed. (Will+)
You are robust. (+10% HP)


Message History

Duvessa hits you with a +0 rapier.
Aiming: Sandblast (safe; 1% risk of failure)
Press: ? - help, Q - select action, (/) - cycle Shift-Dir - straight line, f/p - Duvessa
Aim: Duvessa, wielding a +0 rapier and wearing a +0 chain mail (lightly wounded, 90% to hit)
The blast of sand hits Duvessa.
Duvessa is moderately wounded.
Duvessa hits you but does no damage.
Aiming: Sandblast (safe; 1% risk of failure)
Press: ? - help, Q - select action, (/) - cycle Shift-Dir - straight line, f/p - Duvessa
Aim: Duvessa, wielding a +0 rapier and wearing a +0 chain mail (moderately wounded, 90% to hit)
The blast of sand hits Duvessa.
Duvessa is moderately wounded.
Duvessa hits you with a +0 rapier. Duvessa misses you.
Aiming: Sandblast (safe; 1% risk of failure)
Press: ? - help, Q - select action, (/) - cycle Shift-Dir - straight line, f/p - Duvessa
Aim: Duvessa, wielding a +0 rapier and wearing a +0 chain mail (moderately wounded, 90% to hit)
The blast of sand hits Duvessa!
Duvessa is heavily wounded.
Duvessa barely misses you.
Aiming: Sandblast (safe; 1% risk of failure)
Press: ? - help, Q - select action, (/) - cycle Shift-Dir - straight line, f/p - Duvessa
Aim: Duvessa, wielding a +0 rapier and wearing a +0 chain mail (heavily wounded, 90% to hit)
The blast of sand hits Duvessa but does no damage.
Duvessa is heavily wounded.
Duvessa hits you with a +0 rapier! x2
* * * LOW HITPOINT WARNING * * *
Aiming: Sandblast (safe; 1% risk of failure)
Press: ? - help, Q - select action, (/) - cycle Shift-Dir - straight line, f/p - Duvessa
Aim: Duvessa, wielding a +0 rapier and wearing a +0 chain mail (heavily wounded, 90% to hit)
The blast of sand hits Duvessa but does no damage.
Duvessa is heavily wounded.
Duvessa hits you with a +0 rapier.
* * * LOW HITPOINT WARNING * * *
It was a potion of attraction.
You feel attractive to monsters. Duvessa closely misses you.
It was a potion of mutation.
You feel extremely strange.
You feel robust.
You feel strong-willed. Duvessa hits you with a +0 rapier!
You die...

.#...$.....##
............# ##
............#
#.# ..........#
#.# ......ee..##
#.# ...........#
#.#
.....[..#.####.#
......e.#.###e##
##......####.#@#
#......e.e.###.#
#..........# #.#
#..........# #.#
#..#.....### #.#
#.......## #.#
...#.......# #.#
#..#.......## ##
#..#........##


You could see Duvessa.

Vanquished Creatures
  A black bear (D:5)
  The ghost of jasper the Twirler, a weakling HuGl (D:3)
  A hound (D:4)
  2 scorpion zombies (D:4)
  Natasha (twice) (D:3)
  2 hound zombies (D:4)
  Robin (D:2)
  5 adders
  A river rat (D:3)
  3 worms
  4 dart slugs
  3 orcs (D:3)
  6 ball pythons
  4 bats
  7 endoplasms
  3 giant cockroaches
  17 goblins
  11 hobgoblins
  2 jackals (D:4)
  10 kobolds
  2 quokkas (D:2)
  4 frilled lizards
  6 rats
98 creatures vanquished.

Notes
Turn   | Place    | Note
-------+----------+-------------------------------------------
     0 | D:1      | dracfodder the Gargoyle Earth Elementalist began the quest
                  | for the Orb.
     0 | D:1      | Reached XP level 1. HP: 10/10 MP: 3/3
   125 | D:1      | Reached skill level 4 in Earth Magic
   133 | D:1      | Reached XP level 2. HP: 15/15 MP: 0/5
   183 | D:1      | Learned a level 2 spell: Passwall
   320 | D:1      | Found Voofeorody's General Store.
   387 | D:1      | Found a faded altar of an unknown god.
   617 | D:1      | Reached XP level 3. HP: 19/19 MP: 3/6
   658 | D:1      | Learned a level 3 spell: Stone Arrow
  1196 | D:2      | Identified the orb "Lueguded" {mayhem, Contam *Slow rElec
                  | Dex+9}
  1444 | D:2      | Noticed Robin
  1575 | D:2      | Reached XP level 4. HP: 24/24 MP: 4/8
  1576 | D:2      | Reached skill level 5 in Earth Magic
  1757 | D:2      | Learned a level 1 spell: Shock
  1883 | D:2      | Killed Robin
  2797 | D:3      | Found a runed translucent door.
  2801 | D:3      | Noticed jasper's ghost (weakling HuGl)
  3053 | D:3      | Found a runed translucent door.
  3111 | D:3      | Reached XP level 5. HP: 28/28 MP: 5/9
  3139 | D:3      | Noticed Natasha
  3144 | D:3      | Learned a level 3 spell: Swiftness
  3192 | D:3      | Killed Natasha
  3431 | D:3      | Identified a scroll of acquirement
  3431 | D:3      | Acquired 976 gold pieces
  3645 | D:3      | Noticed Natasha
  3653 | D:3      | Killed Natasha
  3853 | D:3      | Reached skill level 1 in Conjurations
  3866 | D:3      | Killed jasper's ghost
  3867 | D:3      | Reached XP level 6. HP: 7/32 MP: 3/11
  4689 | D:4      | Found a basalt altar of Yredelemnul.
  4722 | D:4      | Reached skill level 6 in Earth Magic
  4940 | D:4      | Found a sparkling altar of Nemelex Xobeh.
  5081 | D:5      | Entered Level 5 of the Dungeon
  5142 | D:5      | Found a staircase to the Ecumenical Temple.
  5173 | D:5      | Noticed a black bear
  5176 | D:5      | Killed a black bear
  5177 | D:5      | Reached XP level 7. HP: 36/36 MP: 6/13
  5261 | D:5      | Noticed a wraith
  5409 | D:5      | Found a transporter.
  5409 | D:5      | Noticed Juicyj's ghost (novice MiFi)
  5451 | D:5      | Noticed Dowan
  5452 | D:5      | Upgraded the game from 0.31-a0-7-g51783674b7 to
                  | 0.31-a0-8-gd14b0f4ee2
  5473 | D:5      | Noticed Duvessa
  5501 | D:5      | Gained mutation: You are robust. (+10% HP) [potion of
                  | mutation]
  5501 | D:5      | Gained mutation: You are strong-willed. (Will+) [potion of
                  | mutation]
  5501 | D:5      | Slain by Duvessa

Illustrated notes

Levels and vault maps discovered:
D:1:      amcnicky_arrival_choice, layout_basic,
          shapermc_ecumenical_altar_mp_highgroup, serial_shops, shop
D:2:      layout_basic, minmay_misc_feat_rugged, uniq_robin
D:3:      layout_loops_ring, ebering_ghost_sewer_f,
          chequers_serial_rivers_small_a, hex_large,
          dreamdust_princess_corridor, uniq_natasha
D:4:      layout_basic, nicolae_yredelemnul_corpse_copse,
          nemelex_diamond_rough_becter
D:5:      layout_cave_pools, grunt_temple_overflow_order_and_chaos_2,
          minmay_temple_entry_grid, gammafunk_ghost_mausoleum,
          lightli_corner_chamber, uniq_duvessa, uniq_crazy_yiuf_cottage

Skill      XL: |  1  2  3  4  5  6 |
---------------+-------------------+-----
Earth Magic    | 4 5 6 |  6.3
Spellcasting   | 3 4 |  4.2
Conjurations   | 1 |  1.9
Dodging        | 2 |  2.2
Stealth        | 3 |  3.2
Fighting       | |  0.1
Short Blades   | |  0.8
Ranged Weapons | |  0.1
Transmutations | |  0.7
Air Magic      | |  0.2

Action                     |  1- 3 |  4- 6 |  7- 9 || total
---------------------------+-------+-------+-------++-------
  Melee: Dagger            |     1 |    41 |       ||    42
         Unarmed           |     1 |       |       ||     1
   Fire: Sling             |       |     3 |       ||     3
  Throw: Stone             |       |       |     1 ||     1
   Cast: Sandblast         |    51 |    42 |     5 ||    98
         Stone Arrow       |     5 |    23 |     1 ||    29
         Shock             |       |    25 |       ||    25
  Evoke: Wand              |       |       |     2 ||     2
    Use: Scroll            |     1 |    14 |       ||    15
         Potion            |     1 |       |     2 ||     3
 Armour: Robe              |     3 |    30 |     1 ||    34
  Dodge: Dodged            |     8 |    38 |     5 ||    51

Table legend: (Time is in decaauts)
 A = Elapsed time spent in this place.
 B = Non-inter-level travel time spent in this place.
 C = Inter-level travel time spent in this place.
 D = Time resting spent in this place.
 E = Time spent auto-exploring this place.
 F = Levels seen in this place.
 G = Mean time per level.
                   A        B        C        D        E       F      G
               +--------+--------+--------+--------+--------+-----+--------+
         Total |   5555 |   5404 |    151 |   1861 |   2735 |   5 | 1111.0 |
       Dungeon |   5555 |   5404 |    151 |   1861 |   2735 |   5 | 1111.0 |
               +--------+--------+--------+--------+--------+-----+--------+

Top non-repeatable levels by time:
     D:2: 1550 daAuts
     D:3: 1376 daAuts
     D:1: 1107 daAuts
     D:4: 1098 daAuts
     D:5: 422 daAuts
